 Dungeon Crawl Stone Soup version 0.30-a0-743-gbfdf073431 (webtiles) character file.

Game seed: 4150486872390276373

156 Dittersdorf the Shield-Bearer (level 5, -2/33 HPs)
             Began as a Gargoyle Fighter on Feb 7, 2023.
             Slain by a gnoll
             ... wielding a +0 club
              (4 damage)
             ... on level 3 of the Dungeon.
             The game lasted 00:03:10 (1980 turns).

Dittersdorf the Shield-Bearer (Gargoyle Fighter)    Turns: 1980, Time: 00:03:11

Health: -2/33      AC: 12    Str: 21    XL:     5   Next: 38%
Magic:  5/5        EV:  9    Int:  9    God:
Gold:   103        SH:  4    Dex:  9    Spells: 4/4 levels left

rFire   . . .      SeeInvis .    a - +0 flail
rCold   . . .      Faith    .    c - +0 buckler
rNeg    + . .      Spirit   .    b - +0 scale mail
rPois   ∞          Reflect  .    f - +0 helmet
rElec   +          Harm     .    (no cloak)
rCorr   .          Rampage  .    (no gloves)
Will    .....                    (no boots) Stlth
                                 (no amulet)
HPRegen 0.25/turn                (no ring)
MPRegen 0.09/turn                (no ring)

@: no status effects
A: sickness immunity, AC +4, negative energy resistance 1, electricity
resistance, torment resistance 1, petrification resistance
a: no special abilities


You were on level 3 of the Dungeon.
You visited 1 branch of the dungeon, and saw 3 of its levels.

You collected 103 gold pieces.

Inventory:

Hand Weapons
 a - a +0 flail (weapon)
Missiles
 e - 6 poisoned darts (quivered)
Armour
 b - a +0 scale mail (worn)
 c - a +0 buckler (worn)
 f - a +0 helmet (worn)
 k - a +0 plate armour
Jewellery
 n - a ring of magical power
Scrolls
 g - 2 scrolls of identify {unknown}
 h - a scroll of magic mapping {unknown}
 j - a scroll of fear {unknown}
 l - 2 scrolls of teleportation {unknown}
 o - a scroll of fog {unknown}
Potions
 d - 2 potions of might
 i - 3 potions of curing {unknown}
 m - 3 potions of degeneration {unknown}
 p - a potion of attraction {unknown}


   Skills:
 + Level 4.2 Fighting
 + Level 3.1 Maces & Flails
 + Level 4.2 Armour
 + Level 4.3 Shields


You had 4 spell levels left.
You didn't know any spells.
Your spell library contained the following spells:

 Spells                   Type           Power      Damage    Failure   Level
 Stone Arrow              Conj/Erth      0%         3d7       99%         3
 Animate Armour           Summ/Erth      0%         N/A       100%        4
 Lehudib's Crystal Spear  Conj/Erth      0%         10d2      100%        8


Dungeon Overview and Level Annotations

Branches:
Dungeon (3/15)

Altars:


Innate Abilities, Weirdness & Mutations

You are immune to sickness and miasma.
Your stone body is resilient. (AC +4)
You are immune to poison.
You resist negative energy. (rN+)
You are resistant to electric shocks. (rElec)
You are resistant to unholy torment.
You are immune to petrification.


Message History

The gnoll hits you but does no damage. The orc hits you but does no damage.
You barely miss the orc.
The orc is almost dead.
The orc hits you but does no damage.
The gnoll hits you from afar with a +0 spear.
The gnoll hits you but does no damage. You block the orc's attack.
You closely miss the orc.
The orc is almost dead.
You block the gnoll's attack. The orc hits you but does no damage.
You miss the orc.
The orc is almost dead.
The gnoll hits you but does no damage. The orc hits you with a +0 whip.
You barely miss the orc.
The orc is almost dead.
The orc closely misses you. The gnoll closely misses you.
The orc hits you with a +0 whip. The gnoll hits you but does no damage.
You barely miss the orc.
The orc is almost dead.
The gnoll hits you from afar with a +0 spear.
* * * LOW HITPOINT WARNING * * *
The orc hits you but does no damage.
You closely miss the orc.
The orc is almost dead.
You block the gnoll's attack. The orc hits you with a +0 whip.
* * * LOW HITPOINT WARNING * * *
You miss the orc.
The orc is almost dead.
The gnoll barely misses you. The orc closely misses you.
You closely miss the orc.
The orc is almost dead.
The orc hits you but does no damage.
The gnoll hits you from afar with a +0 spear.
* * * LOW HITPOINT WARNING * * *
The gnoll hits you but does no damage. The orc closely misses you.
You sock the orc!
You kill the orc!
The gnoll hits you from afar with a +0 spear.
* * * LOW HITPOINT WARNING * * *
The gnoll attacks as you move away! The gnoll hits you with a +0 club.
You die...

.. #.# .#
#....... #.#
#.#+....... #.#
#.#.....##+# .#.#
#.........# #.#K#
#........#
.#.#g#+........#
.#.#.#g#........#
#.#.#.#@.......<#
#.#g#.#)..####.#
#o#.#.#(## #.#
#.#.#.#.## #.#
#.#.#.#.#.# #.#
#.#.#.#.#.## #.#
.#.#.#.#.#.# #.#
.#.#.#.#.## #.#
.#.#.#.#.# #<#


You could see 2 gnolls and a kobold.

Vanquished Creatures
  An orc wizard (D:3)
  5 gnolls
  5 adders
  2 worms (D:2)
  An orc (D:3)
  2 bats (D:2)
  2 endoplasms
  3 goblins (D:1)
  4 hobgoblins
  2 jackals (D:1)
  2 kobolds
  A quokka (D:3)
  2 ball pythons (D:1)
  3 frilled lizards
  4 rats (D:2)
39 creatures vanquished.

Notes
Turn   | Place    | Note
-------+----------+-------------------------------------------
     0 | D:1      | Dittersdorf the Gargoyle Fighter began the quest for the
                  | Orb.
     0 | D:1      | Reached XP level 1. HP: 14/14 MP: 1/1
   258 | D:1      | Reached XP level 2. HP: 19/19 MP: 2/2
   718 | D:1      | Reached XP level 3. HP: 21/23 MP: 3/3
   974 | D:1      | Reached XP level 4. HP: 16/29 MP: 4/4
  1367 | D:2      | Reached XP level 5. HP: 24/33 MP: 5/5
  1980 | D:3      | Slain by a gnoll

Illustrated notes

Levels and vault maps discovered:
D:1:      spicycebolla_green_bress_n_ham, layout_loops_ring
D:2:      layout_basic, kennysheep_potato
D:3:      layout_basic, jmf_multi_god_temple2, serial_glass, glass_columns_a,
          glass_columns_a

Skill      XL: |  1  2  3  4 |
---------------+-------------+-----
Shields        | 4 |  4.3
Fighting       | 4 |  4.2
Armour         | 4 |  4.2
Maces & Flails | 3 |  3.1

Action                     |  1- 3 |  4- 6 || total
---------------------------+-------+-------++-------
  Melee: Flail             |    93 |    95 ||   188
 Armour: Scale mail        |    66 |    63 ||   129
  Dodge: Dodged            |    41 |    42 ||    83
  Block: Buckler           |    16 |    19 ||    35

Table legend: (Time is in decaauts)
 A = Elapsed time spent in this place.
 B = Non-inter-level travel time spent in this place.
 C = Inter-level travel time spent in this place.
 D = Time resting spent in this place.
 E = Time spent auto-exploring this place.
 F = Levels seen in this place.
 G = Mean time per level.
                   A        B        C        D        E       F      G
               +--------+--------+--------+--------+--------+-----+--------+
         Total |   2042 |   1948 |     94 |    345 |   1149 |   3 |  680.7 |
       Dungeon |   2042 |   1948 |     94 |    345 |   1149 |   3 |  680.7 |
               +--------+--------+--------+--------+--------+-----+--------+

Top non-repeatable levels by time:
     D:1: 939 daAuts
     D:2: 908 daAuts
     D:3: 195 daAuts
